 Dungeon Crawl Stone Soup version 0.31.0-11-ge490571c62 (webtiles) character file.

Game seed: 13325776017319220457

91 Esekla the Grave Robber (level 4, -2/28 HPs)
             Began as an Octopode Necromancer on Feb 2, 2024.
             Killed from afar by an orc wizard (7 damage)
             ... with a puff of flame
             ... on level 3 of the Dungeon.
             The game lasted 00:06:56 (1660 turns).

Esekla the Grave Robber (Octopode Necromancer)      Turns: 1660, Time: 00:06:57

Health: -2/28      AC:  1    Str:  7    XL:     4   Next: 57%
Magic:  13/16      EV: 13    Int: 19    God:
Gold:   94         SH:  0    Dex: 12    Spells: 3/7 levels left

rFire   . . .        m - +0 dagger
rCold   + . .        (no shield)
rNeg    . . .        (helmet restricted)
rPois   .            c - amulet of the acrobat
rElec   .            d - ring of protection from cold
rCorr   .            l - ring of magical power
SInv    .            (no ring)
Will    .....        (no ring)
Stlth   +++          (no ring)
HPRegen 0.24/turn    (no ring)
MPRegen 0.15/turn    (no ring)
                     (no ring)

%: acrobat
@: no status effects
A: almost no armour, amphibious, 8 rings, camouflage 1, gelatinous body 1,
(nimble swimmer 1), tentacles
a: no special abilities


You were on level 3 of the Dungeon.
You visited 1 branch of the dungeon, and saw 3 of its levels.

You collected 94 gold pieces.

Inventory:

Hand Weapons
 m - a +0 dagger (weapon)
 n - a +0 long sword
Missiles
 f - 4 boomerangs (quivered)
Jewellery
 c - an amulet of the acrobat (around mantle)
 d - a ring of protection from cold (left tentacle)
 l - a ring of magical power (right tentacle)
Scrolls
 b - a scroll of noise {unknown}
 i - a scroll of blinking {unknown}
 j - a scroll of vulnerability {unknown}
 k - a scroll of identify {unknown}
 o - a scroll of silence {unknown}
Potions
 a - a potion of magic
 e - a potion of berserk rage {unknown}
 g - 2 potions of might {unknown}
 h - 2 potions of enlightenment {unknown}


   Skills:
 * Level 1.1 Fighting
 + Level 1.0 Short Blades
 + Level 2.2 Dodging
 + Level 3.6 Stealth
 * Level 2.4 Spellcasting
 * Level 4.7 Necromancy


You had 3 spell levels left.
You knew the following spells:

 Your Spells              Type           Power      Damage    Failure   Level
a - Necrotise             Necr           80%        1d8       2%          1
d - Vampiric Draining     Necr           20%        2d7       7%          3

Your spell library contained the following spells:

 Spells                   Type           Power      Damage    Failure   Level
 Animate Dead             Necr           20%        N/A       22%         4
 Curse of Agony           Necr           20%        N/A       54%         5


Dungeon Overview and Level Annotations

Branches:
Dungeon (3/15)

Altars:
Yredelemnul


Innate Abilities, Weirdness & Mutations

You cannot wear most types of armour.
You are amphibious.
You can wear up to eight rings at the same time.
Your skin changes colour to match your surroundings (Stealth+).
Your rubbery body absorbs attacks. (AC +1, EV +1)
((You are camouflaged when in or above water. (Stealth+)))
You have tentacles for arms and can constrict up to eight enemies at once.


Message History

You kill the orc!
You see here a +0 whip.
You miss something. You hit the orc. You grab the orc.
The orc is lightly wounded.
You constrict the orc. You barely miss the orc.
The orc is moderately wounded.
You constrict the orc, but do no damage.
The orc hits you with a +0 club.
You hit the orc.
The orc is heavily wounded.
You constrict the orc. The orc hits you with a +0 club.
You hit the orc.
You kill the orc!
Your Short Blades skill increases to level 1!
You hit the hobgoblin. You grab the hobgoblin.
The hobgoblin is heavily wounded.
You constrict the hobgoblin. The hobgoblin barely misses you.
You hit the hobgoblin but do no damage.
The hobgoblin is severely wounded.
You constrict the hobgoblin, but do no damage.
The hobgoblin barely misses you.
You hit the hobgoblin.
You kill the hobgoblin!
A magic dart appears from out of thin air!
The magic dart hits you!
* * * LOW HITPOINT WARNING * * *
Cast which spell? (? or * to list)
Aiming: Vampiric Draining (quite dangerous; 7% risk of failure)
Press: ? - help, Shift-Dir - straight line, f - orc
Aim: an orc, wielding a +0 mace and wearing a +0 leather armour You draw life force from the orc!
You kill the orc!
You feel life coursing into your body.
You miss something.
You hear some strange, mumbled words.
A puff of flame appears from out of thin air!
The puff of flame hits you!
You die...

###### ##.....##
#........ #.......#
#.......# #.......#
# #.##.##{# .#
#.##.##@##..##.
...............
...####.######.
#.......#
#.......###.#
#.#.........#
.....#...########
..#.#............#
####........#####.#


There were no monsters in sight!

Vanquished Creatures
  4 adders
  A dart slug (D:1)
  2 ribbon worms (D:2)
  3 orcs (D:3)
  2 ball pythons
  4 bats
  2 endoplasms
  4 giant cockroaches
  5 goblins
  6 hobgoblins
  A quokka (D:2)
  5 frilled lizards
  3 kobolds
  3 rats
45 creatures vanquished.

Notes
Turn   | Place    | Note
-------+----------+-------------------------------------------
     0 | D:1      | Esekla the Octopode Necromancer began the quest for the
                  | Orb.
     0 | D:1      | Reached XP level 1. HP: 11/11 MP: 3/3
   187 | D:1      | Reached XP level 2. HP: 17/17 MP: 5/5
   832 | D:2      | Reached XP level 3. HP: 21/21 MP: 6/6
   836 | D:2      | Learned a level 3 spell: Vampiric Draining
  1022 | D:2      | Found a basalt altar of Yredelemnul.
  1405 | D:2      | Reached XP level 4. HP: 27/27 MP: 7/7
  1559 | D:3      | Reached skill level 1 in Fighting
  1656 | D:3      | Reached skill level 1 in Short Blades
  1660 | D:3      | Killed from afar by an orc wizard

Illustrated notes

Levels and vault maps discovered:
D:1:      enne_arrival_octagon_isle, layout_loops_ring
D:2:      layout_basic, basic_altar, serial_bayou_pond_e, bh_walls_and_bars
D:3:      layout_loops_cross

Skill      XL: |  1  2  3  4 |
---------------+-------------+-----
Stealth        | 3 |  3.6
Fighting       | 1 |  1.1
Short Blades   | 1 |  1.0
Dodging        | |  2.2
Spellcasting   | |  2.4
Necromancy     | |  4.7

Action                     |  1- 3 |  4- 6 || total
---------------------------+-------+-------++-------
  Melee: Dagger            |    75 |    24 ||    99
         Constrict         |    15 |     6 ||    21
         Tentacles         |    13 |     4 ||    17
         Unarmed           |     1 |       ||     1
         Punch             |       |     1 ||     1
   Cast: Vampiric Draining |       |     1 ||     1
   Stab: Sleeping          |     9 |     3 ||    12
         Distracted        |     1 |       ||     1
 Armour: Skin              |    28 |    10 ||    38
  Dodge: Dodged            |    44 |     8 ||    52
